Kradschützen Motorcycle Team
Selects Armored Support Battlegroup
Selects Superior Fire Drills
Construct Light Support Kompanie
Panzerjäger Mechanized Group
Selects Flammpanzer III Medium Tank
Panzerjäger Mechanized Group
Construct Panzerarmee Kommand
Walking Stuka Rocket Launcher
Selects Command Panzer IV F Medium Tank
Command Panzer IV F Medium Tank
Walking Stuka Rocket Launcher
Selects Stuka Anti-tank Loiter
Flak 36 Anti-tank Gun Team
Flammpanzer III Medium Tank
Flak 36 Anti-tank Gun Team
Flak 36 Anti-tank Gun Team